 Dungeon Crawl Stone Soup version 0.22-a0-443-g17c3723 (webtiles) character file.

159 Gorglomux the Chopper (level 5, 0/32 HPs)
             Began as a Gargoyle Fighter on June 1, 2018.
             Slain by a gnoll
             ... wielding a +0 halberd
              (3 damage)
             ... on level 3 of the Dungeon.
             The game lasted 00:00:43 (1412 turns).

Gorglomux the Chopper (Gargoyle Fighter)            Turns: 1412, Time: 00:00:44

Health: 0/32       AC: 10    Str: 21    XL:     5   Next: 40%
Magic:  5/5        EV:  7    Int:  8    God:
Gold:   120        SH:  9    Dex:  9    Spells: 4/4 levels left

rFire    . . .     SeeInvis .   a - +0 war axe
rCold    . . .     Gourm    .   c - +0 shield
rNeg     + . .     Faith    .   b - +0 scale mail
rPois    ∞         Spirit   .   (no helmet)
rElec    +         Reflect  .   (no cloak)
rCorr    .         Harm     .   (no gloves)
MR       .....                  (no boots)
Stlth    ..........             (no amulet)
HPRegen  0.10/turn              (no ring)
MPRegen  0.09/turn              (no ring)

@: no status effects
A: negative energy resistance 1, electricity resistance, unbreathing,
petrification resistance, rot immunity, AC +4
a: no special abilities


You were on level 3 of the Dungeon.
You were not hungry.

You visited 1 branch of the dungeon, and saw 3 of its levels.

You collected 120 gold pieces.

Inventory:

Hand Weapons
 a - a +0 war axe (weapon)
Armour
 b - a +0 scale mail (worn)
 c - a +0 shield (worn)
Jewellery
 k - an uncursed ring of poison resistance {unknown}
Scrolls
 h - a scroll of identify {unknown}
 i - a scroll of teleportation {unknown}
Potions
 d - a potion of might
 j - a potion of curing {unknown}
Comestibles
 f - 3 rations
 l - 2 chunks of flesh


   Skills:
 - Level 3.2 Fighting
 + Level 5.0 Axes
 - Level 3.2 Armour
 - Level 3.2 Shields


You had 4 spell levels left.
You didn't know any spells.
Your spell library was empty.

Dungeon Overview and Level Annotations

Branches:
Dungeon (3/15)

Altars:


Innate Abilities, Weirdness & Mutations

You are resistant to torment.
Your stone body is resilient. (AC +4)
You are immune to poison.
You resist negative energy. (rN+)
You are resistant to electric shocks. (rElec)
You can survive without breathing.
You are immune to petrification.
You are immune to rotting.


Message History

The gnoll hits you but butts no damage!
The gnoll hits you butt afar with a halberd!!!
You block the gnoll's attack!
Unknown command!
There are monsters nearby!!!
Butt are too injured to fight recklessly!!!
You are too injured to fight recklessly!!!
You are too injured to fight recklessly!!!
You are too injured to fight recklessly!!!
You closely miss the gnoll!
The gnoll is butt-ly wounded!
The gnoll hits you from afar with a halberd!!! * * * don't die
* * * The gnoll hits you! * * * don't butt
* * * You barely miss the gnoll!
The gnoll is moderately wounded!
The gnoll hits you butt does no damage!
The gnoll hits butt from afar with a halberd! rip

#.####.#.....#
#.####.#.....#
#......#######
#.###### #.#
#.###########
#...........
#.####(#####..#...
#..........@gg...#
#..####.#####..###
#.# .# #.. .. #.#
## ..# ###


You could see 2 gnolls.

Vanquished Creatures
  6 gnolls
  6 adders (D:2)
  A worm (D:2)
  A dart slug (D:1)
  3 leopard geckos
  A ball python (D:1)
  5 bats
  A giant cockroach (D:3)
  5 hobgoblins
  2 jackals (D:2)
  A quokka (D:2)
  3 frilled lizards
  4 goblins
  2 kobolds (D:1)
  8 rats
49 creatures vanquished.

Notes
Turn   | Place    | Note
-------+----------+-------------------------------------------
     0 | D:1      | Gorglomux the Gargoyle Fighter began the quest for the Orb.
     0 | D:1      | Reached XP level 1. HP: 14/14 MP: 1/1
    52 | D:1      | Reached skill level 2 in Axes
   167 | D:1      | Reached XP level 2. HP: 19/19 MP: 2/2
   399 | D:2      | Reached skill level 3 in Axes
   630 | D:2      | Reached XP level 3. HP: 23/23 MP: 3/3
   841 | D:2      | Reached XP level 4. HP: 26/28 MP: 4/4
   856 | D:2      | Reached skill level 4 in Axes
  1036 | D:2      | Reached XP level 5. HP: 31/32 MP: 5/5
  1400 | D:3      | Reached skill level 5 in Axes
  1412 | D:3      | Slain by a gnoll

Vault maps used:
D:1:      dpeg_arrival_fog, tso_altar
D:3:      minmay_wonky_spiral, uniq_terence, uniq_jessica

Skill      XL: |  1  2  3  4  5 |
---------------+----------------+-----
Axes           | 2 3 4 5 |  5.0
Fighting       | |  3.2
Armour         | |  3.2
Shields        | |  3.2

Action                   |  1- 3 |  4- 6 || total
-------------------------+-------+-------++-------
Melee: War axe           |   122 |   120 ||   242
  Eat: Chunk             |       |     2 ||     2
Armor: Scale mail        |    88 |    87 ||   175
Dodge: Dodged            |    55 |    54 ||   109
Block: Shield            |    79 |    98 ||   177

Table legend:
 A = Spawn XP
 B = Non-spawn XP
 C = Spawn XP percentage of total XP
 D = Spawn monster count
 E = Non-spawn monster count
 F = Spawn count percentage of total count
 G = Total turns spent on level
                    A         B        C        D         E        F      G
               +---------+---------+-------+---------+---------+-------+---------
         Total |       0 |     228 |   0.0 |       0 |      49 |   0.0 |  1412
               +---------+---------+-------+---------+---------+-------+---------
           D:1 |       0 |      19 |   0.0 |       0 |      11 |   0.0 |   555
           D:2 |       0 |     169 |   0.0 |       0 |      30 |   0.0 |   688
           D:3 |       0 |      40 |   0.0 |       0 |       8 |   0.0 |   169
               +---------+---------+-------+---------+---------+-------+---------
